 Dungeon Crawl Stone Soup version 0.17.1-1-g73c8601 (webtiles) character file.

93 zercules the Shield-Bearer (level 4, -6/41 HPs)
             Began as a Minotaur Fighter on Jan 24, 2016.
             Was a Follower of Makhleb.
             Mangled by an ogre
             ... wielding a +0 giant spiked club
              (27 damage)
             ... on level 4 of the Dungeon.
             The game lasted 00:06:03 (1850 turns).

zercules the Shield-Bearer (Minotaur Fighter)       Turns: 1850, Time: 00:06:03

Health: -6/41      AC:  8    Str: 25    XL:     4   Next: 37%
Magic:  3/3        EV:  7    Int:  6    God:    Makhleb [*.....]
Gold:   197        SH: 12    Dex: 10    Spells: 0 memorised, 3 levels left

rFire  + . .     SeeInvis .     a - +0 flail
rCold  . . .     Clarity  .     b - +0 scale mail
rNeg   . . .     SustAt   .     n - +2 shield {rF+}
rPois  +         Gourm    .     (helmet restricted)
rElec  .         Spirit   .     (no cloak)
rCorr  .         Warding  .     (no gloves)
rMut   .         Stasis   .     u - +0 pair of boots
MR     .....                    (no amulet)
Stlth  ..........               v - +5 ring of strength
                                m - ring of poison resistance

@: not resistant to hostile enchantments, extremely unstealthy
A: retaliatory headbutt, horns 2
a: Renounce Religion


You were on level 4 of the Dungeon.
You worshipped Makhleb.
Makhleb was aware of your devotion.
You were not hungry.

You visited 1 branch of the dungeon, and saw 4 of its levels.

You collected 197 gold pieces.

Inventory:

Hand Weapons
 a - a +0 flail (weapon)
Armour
 b - a +0 scale mail (worn)
 n - a +2 shield of fire resistance (worn)
 t - a +2 large shield
 u - a +0 pair of boots (worn)
Jewellery
 m - a ring of poison resistance (left hand)
 v - a +5 ring of strength (right hand)
Scrolls
 g - 2 scrolls of fear {unknown}
 i - 4 scrolls of remove curse
 j - 5 scrolls of identify {unknown}
 k - a scroll of amnesia {unknown}
 o - a scroll of magic mapping {unknown}
 s - a scroll of immolation {unknown}
 w - a scroll of fog {unknown}
Potions
 c - 2 potions of cure mutation {unknown}
 d - a potion of might
 h - 5 potions of curing {unknown}
 x - a potion of agility {unknown}
Books
 l - a book of Summonings

   Spells                             Type                      Level
   a - Recall                         Summoning/Translocation      3
   b - Aura of Abjuration             Summoning                    5
   c - Shadow Creatures               Summoning                    5
   d - Summon Demon                   Summoning                    5
   e - Summon Forest                  Summoning/Translocation      5
   f - Summon Mana Viper              Hexes/Summoning              5
Comestibles
 e - 4 bread rations
 p - a royal jelly
 q - a meat ration
 r - 2 fruits


   Skills:
 + Level 4.4 Fighting
 + Level 3.5 Maces & Flails
 + Level 4.3 Armour
 + Level 4.4 Shields


You had 3 spell levels left.
You didn't know any spells.

Dungeon Overview and Level Annotations

Branches:
Dungeon (4/15)
 Temple: D:4-7

Altars:
Makhleb
Qazlal
Yredelemnul


Innate Abilities, Weirdness & Mutations

You reflexively headbutt those who attack you in melee.
You have a pair of horns on your head.


Message History

The ogre hits you with a giant spiked club!!
Ouch! That really hurt!
You block the hound skeleton's attack.
The hound skeleton bites you but does no damage.
There is an open door here.
Your shield and scale mail prevent you from hitting the hound skeleton.
You headbutt the hound skeleton! You block the hound skeleton's attack.
The hound skeleton closely misses you.
You sock the hound skeleton! You headbutt the hound skeleton.
You destroy the hound skeleton!
Makhleb accepts your kill.
You sock the ogre! You headbutt the ogre.
The ogre is severely wounded.
You block the ogre's attack.
A worm comes into view.
You barely miss the ogre. You headbutt the ogre.
The ogre is severely wounded.
The ogre hits you with a giant spiked club!!
Ouch! That really hurt!
You die...

#.
#....+.......
#..
#....#.......
#... ##'### .
#...##...# .
#........# ...
#........+
....######...#
.........#...#
.........O@..#
...w.....#####
...........
.............
...............
...............
....#####......
.... ######


You could see an ogre and a worm.

Vanquished Creatures
  A hound skeleton (D:4)
  3 adders
  An ooze (D:3)
  A worm (D:2)
  7 hobgoblins
  4 jackals (D:1)
  A ball python (D:3)
  5 bats
  2 giant cockroaches (D:3)
  A giant newt (D:1)
  6 goblins
  6 kobolds
  2 quokkas (D:2)
  7 rats
47 creatures vanquished.

Notes
Turn   | Place    | Note
--------------------------------------------------------------
     0 | D:1      | zercules the Minotaur Fighter began the quest for the Orb.
     0 | D:1      | Reached XP level 1. HP: 19/19 MP: 0/0
   339 | D:1      | Reached XP level 2. HP: 27/27 MP: 1/1
   846 | D:2      | Reached skill level 4 in Armour
   989 | D:2      | Found a basalt altar of Yredelemnul.
   989 | D:2      | Found a stormy altar of Qazlal.
   990 | D:2      | Found a burning altar of Makhleb.
  1001 | D:2      | Became a worshipper of Makhleb the Destroyer
  1058 | D:2      | Reached XP level 3. HP: 33/33 MP: 2/2
  1468 | D:3      | Reached * piety under Makhleb
  1607 | D:3      | Reached XP level 4. HP: 37/40 MP: 3/3
  1840 | D:4      | Noticed an ogre
  1850 | D:4      | Mangled by an ogre

Action                   |  1- 3 |  4- 6 || total
-------------------------+-------+-------++-------
Melee: Flail             |   111 |    11 ||   122
  Use: Scroll            |     1 |       ||     1
  Eat: Chunk             |     2 |     1 ||     3
